 Dungeon Crawl Stone Soup version 0.20-a0-556-g892c87b (webtiles) character file.

140368 koboldina the Brawler (level 16, -3/129 HPs)
             Began as a Demonspawn Artificer on Feb 5, 2017.
             Was a High Priest of Qazlal.
             Slain by a shambling mangrove (10 damage)
             ... while paralysed by a hornet
             ... on level 3 of the Lair of Beasts on Feb 6, 2017.
             The game lasted 01:20:24 (33309 turns).

koboldina the Brawler (Demonspawn Artificer)       Turns: 33309, Time: 01:20:31

Health: -3/129     AC: 24    Str: 16    XL:     16   Next: 75%
Magic:  36/36      EV:  2    Int: 16    God:    Qazlal [*****.]
Gold:   339        SH:  0    Dex: 14    Spells: 15/15 levels left

rFire    + + +     SeeInvis +     - Unarmed
rCold    . . .     Gourm    .   e - +0 fire dragon scales
rNeg     . . .     Faith    .   (no shield)
rPois    .         Spirit   .   u - +0 helmet
rElec    .         Reflect  .   x - +0 cloak
rCorr    .         Harm     .   (no gloves)
MR       +....                  N - +2 pair of boots
Stlth    ..........             (no amulet)
Regen    0.4/turn               K - ring of protection from fire
                                Q - ring of magical power

@: paralysed, grasped by roots, protected from physical damage, repel missiles,
heavily drained, very slow
A: claws 2, icy blue scales 3, see invisible, powered by death 1, spiny 2
a: Upheaval, Elemental Force, Disaster Area, Renounce Religion


You were on level 3 of the Lair of Beasts.
You worshipped Qazlal.
Qazlal was extremely pleased with you.
You were not hungry.

You visited 5 branches of the dungeon, and saw 25 of its levels.
You visited the Abyss 1 time.
You also visited: Ossuary.

You collected 2368 gold pieces.
You spent 2029 gold pieces at shops.

Inventory:

Hand Weapons
 a - a +1 scimitar of flaming {etsy.com/shop/KoboldinaBeads}
Missiles
 W - 5 throwing nets (quivered)
Armour
 e - +0 fire dragon scales (worn)
 u - a +0 helmet (worn)
 x - a +0 cloak (worn)
 N - a +2 pair of boots (worn)
Jewellery
 K - a ring of protection from fire (right claw)
 Q - a ring of magical power (left claw)
 Z - an uncursed ring of ice
Wands
 c - a wand of paralysis (21/24)
 l - a wand of digging (9/24)
 n - a wand of digging (10/24)
 y - a wand of polymorph (8/24)
 J - a wand of lightning (0/15)
Scrolls
 h - a scroll of fog {unknown}
 j - 12 scrolls of teleportation
 m - 5 scrolls of remove curse
 t - 3 scrolls of recharging
 v - a scroll of torment
 z - 7 scrolls of enchant armour
 A - 3 scrolls of fear
 C - a scroll of holy word
 I - 4 scrolls of identify
 O - 3 scrolls of magic mapping
 P - 7 scrolls of amnesia
 S - a scroll of noise
Potions
 b - 8 potions of haste
 g - 4 potions of lignification
 i - 8 potions of curing
 o - 9 potions of flight
 r - 3 potions of mutation
 s - 2 potions of cure mutation
 w - 6 potions of heal wounds
 D - 2 potions of agility
 F - a potion of cancellation
 G - a potion of ambrosia
 H - 3 potions of might
 L - 3 potions of resistance
Comestibles
 f - 4 bread rations
 k - 5 meat rations
 p - 39 fruits
 E - 16 royal jellies


   Skills:
 + Level 12.8(10.8) Fighting
   Level 0.8(0.0) Short Blades
 - Level 11.8(9.8) Armour
 - Level 11.9(9.9) Dodging
 - Level 0.8(0.0) Stealth
 + Level 15.8(13.6) Unarmed Combat
 - Level 15.1(13.0) Invocations
 - Level 3.0(1.4) Evocations


You had 15 spell levels left.
You didn't know any spells.

Dungeon Overview and Level Annotations

Branches:
Dungeon (15/15)            Temple (0/1) D:4            Lair (6/6) D:8
  Swamp (1/4) Lair:4        Snake (0/4) Lair:3        Slime (0/5) Lair:6
    Orc (2/2) D:11            Elf (0/3) Orc:2        Vaults (0/5) D:14
 Depths (1/5) D:15

Altars:
Cheibriados
Fedhas
Hepliaklqana
Okawaru
Qazlal
Sif Muna
Trog
Vehumet
Xom
Beogh
Jiyva

Shops:
D:13 !   Orc:2 *?!%


Innate Abilities, Weirdness & Mutations

You have very sharp fingernails.
You are completely covered in icy blue scales. (AC +4, rC+)
You regenerate a little health from kills.
You are mostly covered in sharp spines.
You have supernaturally acute eyesight. (SInv)


Message History

* * * LOW HITPOINT WARNING * * *
You suddenly lose the ability to move!
The hornet is struck by your spines.
The hornet stings you but does no damage.
The shambling mangrove hits you!
* * * LOW HITPOINT WARNING * * *
You feel more protected from physical attacks.
The hornet is engulfed in freezing vapours.
The hornet stings you but does no damage. x2
The hornet is engulfed in freezing vapours.
The hornet stings you but does no damage.
The hornet is struck by your spines. The hornet stings you!
* * * LOW HITPOINT WARNING * * *
You feel yourself slow down.
You feel yourself speed up. The hornet is struck by your spines.
The hornet stings you but does no damage. x2
The shambling mangrove is engulfed in freezing vapours.
The shambling mangrove hits you!
You die...

..............# ###### #..#
..............# #..#
..............# #..#
..............## #..###
##.#.#.......<.# #..#.#
#.###...#...#.)# ###...##
### #P.#....#f.# ###.....#
##........######.#....##
#........yf@ยง........#
##.+....#..yy.........##
#####P.#......P####..##....#
##..#.......#.P# ####P...##
.......#......## ##....#
....##......#.## ##...##
.#.##..###....P# #.....#
#..............#######.....#
#.........................P#


You could see a shambling mangrove and 3 hornets.

Vanquished Creatures
  A tengu reaver (D:15)
  A storm dragon (D:12)
  A fire giant (Depths:1)
  The ghost of puissantveil the Martial Artist, a journeyman MfTm of Fedhas (Lair:6)
  A vampire knight (D:15)
  A deep elf demonologist (Abyss:2)
  Nessos (Lair:6)
  A white draconian (Abyss:2)
  An ettin (D:15)
  Josephine (Lair:4)
  4 vault guards
  A rakshasa (Depths:1)
  A yaktaur captain (Depths:1)
  Harold (Lair:4)
  8 hydras
  Erica (D:8)
  4 catoblepae
  6 two-headed ogres
  7 centaur warriors
  2 tengu warriors
  9 death yaks
  Urug (Lair:5)
  2 thrashing horrors (Abyss:2)
  3 orc high priests (Orc:2)
  2 ogre magi (D:15)
  2 wretched stars (Abyss:2)
  5 hell knights
  4 unseen horrors
  6 orc knights
  2 phantasmal warriors
  Pikel (D:8)
  2 glowing orange brains
  A wolf spider zombie (D:14)
  2 necromancers (Depths:1)
  6 orc sorcerers
  4 oklob plants (Lair:4)
  7 manticores
  A frost giant zombie (Depths:1)
  4 deep elf magi
  5 cyclopes
  12 ugly things
  A salamander (shapeshifter) (D:12)
  A worldbinder (Abyss:2)
  A torpor snail (Lair:4)
  12 elephants
  5 black mambas
  2 gargoyles
  A smoke demon (Abyss:2)
  Maurice (Orc:2)
  12 spiny frogs
  Psyche (D:11)
  5 rime drakes
  A rime drake (shapeshifter) (D:13)
  An efreet (D:13)
  2 ancient zymes (Abyss:2)
  A tengu conjurer (Depths:1)
  12 komodo dragons
  A harpy zombie (Abyss:2)
  A tyrant leech (Lair:4)
  7 trolls
  5 meliai
  13 blink frogs
  4 hornets
  A deep troll zombie (Depths:1)
  3 polar bears
  10 slime creatures
  A fire dragon zombie (Depths:1)
  20 hippogriffs
  A centaur simulacrum (D:15)
  3 large abominations (Abyss:2)
  A water elemental (D:13)
  9 wyverns
  3 spriggans
  3 shadows
  47 yaks
  The ghost of mobydollar the Shooter, an amateur CeHu (D:6)
  3 vampires
  Eustachio (D:6)
  7 wraiths
  An ettin skeleton (Depths:1)
  9 basilisks
  2 hungry ghosts
  A chaos spawn (Abyss:2)
  2 steam dragons
  Grum (D:8)
  8 vampire mosquitoes
  11 wargs
  2 acid dragons
  3 nagas (Lair:3)
  21 water moccasins
  3 soldier ants
  8 porcupines
  3 ice beasts
  A slave (D:8)
  Duvessa (D:7)
  29 orc warriors
  2 sky beasts
  A black bear (Lair:4)
  An eye of draining (D:13)
  6 ogres
  A phantom (D:6)
  8 boggarts
  19 wolves
  11 crocodiles
  24 centaurs
  18 bullfrogs
  2 big kobolds
  3 elf zombies (Ossuary)
  Dowan (D:7)
  5 scorpions
  6 wights
  36 killer bees
  9 howler monkeys
  7 electric eels (D:13)
  3 crimson imps
  5 bullfrog zombies
  4 centaur zombies
  6 hounds
  7 jellies
  4 bullfrog skeletons
  A human zombie (Ossuary)
  18 orc priests
  A quasit (D:13)
  Crazy Yiuf (D:3)
  2 small abominations (Abyss:2)
  Jessica (D:2)
  4 centaur skeletons
  A hell rat (Lair:4)
  2 iguanas
  27 orc wizards
  Ijyb (D:2)
  9 worker ants
  A killer bee zombie (D:6)
  A big kobold zombie (Ossuary)
  A hound skeleton (D:8)
  3 mummies
  A worker ant zombie (D:8)
  Robin (D:2)
  10 gnolls
  A howler monkey zombie (D:6)
  A howler monkey skeleton (D:7)
  10 adders
  3 shadow imps (D:5)
  7 oozes
  An adder skeleton (D:6)
  2 adder zombies
  5 worms
  A dart slug (D:2)
  4 leopard geckos
  89 orcs
  6 giant cockroaches
  15 goblins
  10 hobgoblins
  14 jackals
  19 kobolds
  5 quokkas
  A ball python (D:2)
  9 bats
  5 frilled lizards
  A goblin zombie (Ossuary)
  11 hobgoblin zombies
  A jackal zombie (Ossuary)
  13 kobold zombies
  A leopard gecko skeleton (D:5)
  7 orc zombies
  7 rats
  2 rat zombies (Ossuary)
  2 butterflies (Lair:4)
  A fungus (Lair:4)
  5 plants
970 creatures vanquished.

Vanquished Creatures (collateral kills)
  An orc knight (D:15)
  An ugly thing (D:13)
  A cyclops (D:13)
  An elephant (Lair:4)
  A redback zombie (D:13)
  A wyvern (Lair:5)
  A basilisk (Lair:4)
  A hungry ghost (D:13)
  An orc warrior (Orc:1)
  2 ogres
  A killer bee (Lair:4)
12 creatures vanquished.

Vanquished Creatures (others)
  An ettin (D:12)
  A meliai (Lair:4)
  A queen bee (Lair:4)
  A troll (D:13)
  2 slime creatures (D:13)
  A centaur (Depths:1)
  A killer bee (Lair:4)
  9 fungi
  24 plants
41 creatures vanquished.

Grand Total: 1023 creatures vanquished

Notes
Turn   | Place    | Note
-------+----------+-------------------------------------------
     0 | D:1      | koboldina the Demonspawn Artificer began the quest for the Orb.
     0 | D:1      | Reached XP level 1. HP: 15/15 MP: 3/3
   661 | D:1      | Gained mutation: You are partially covered in sharp spines. [demonic ancestry]
   661 | D:1      | Reached XP level 2. HP: 21/21 MP: 4/4
  1063 | D:2      | Gained mutation: You have sharp fingernails. [demonic ancestry]
  1063 | D:2      | Reached XP level 3. HP: 18/27 MP: 5/5
  1195 | D:2      | Noticed Jessica
  1203 | D:2      | Killed Jessica
  1203 | D:2      | Reached skill level 1 in Unarmed Combat
  1397 | D:2      | Reached XP level 4. HP: 34/34 MP: 6/6
  1636 | D:2      | Noticed Ijyb
  1665 | D:2      | Killed Ijyb
  1742 | D:2      | Found a stormy altar of Qazlal.
  1788 | D:2      | Noticed Robin
  1806 | D:2      | Killed Robin
  1819 | D:2      | Gained mutation: You are partially covered in icy blue scales. (AC +2) [demonic ancestry]
  1819 | D:2      | Reached XP level 5. HP: 30/39 MP: 7/7
  2713 | D:3      | Found a runed door.
  2793 | D:2      | Found a snail-covered altar of Cheibriados.
  2804 | D:2      | Became a worshipper of Qazlal Stormbringer
  2943 | D:3      | Found a radiant altar of Vehumet.
  3250 | D:3      | Noticed Crazy Yiuf
  3263 | D:3      | Killed Crazy Yiuf
  3316 | D:4      | Reached skill level 1 in Invocations
  3316 | D:4      | Gained mutation: You are mostly covered in sharp spines. [demonic ancestry]
  3316 | D:4      | Reached XP level 6. HP: 42/47 MP: 8/8
  3481 | D:4      | Found a staircase to the Ecumenical Temple.
  4168 | D:5      | Entered Level 5 of the Dungeon
  4276 | D:5      | Gained mutation: You regenerate a little health from kills. [demonic ancestry]
  4276 | D:5      | Reached XP level 7. HP: 36/52 MP: 9/9
  4734 | D:5      | Reached * piety under Qazlal
  4809 | D:5      | You fall through a shaft!
  5070 | D:5      | Reached skill level 5 in Unarmed Combat
  5422 | D:6      | Noticed mobydollar's ghost (amateur CeHu)
  5436 | D:6      | Killed mobydollar's ghost
  5436 | D:6      | Reached XP level 8. HP: 47/61 MP: 11/11
  5821 | D:6      | Reached skill level 5 in Invocations
  5982 | D:6      | Reached ** piety under Qazlal
  6151 | D:6      | Reached skill level 5 in Dodging
  6185 | D:6      | Noticed Eustachio
  6209 | D:6      | Killed Eustachio
  6209 | D:6      | Reached skill level 5 in Fighting
  6810 | D:6      | Reached XP level 9. HP: 62/68 MP: 13/13
  7323 | D:7      | Noticed Dowan
  7324 | D:7      | Noticed Duvessa
  7341 | D:7      | Killed Duvessa
  7349 | D:7      | Killed Dowan
  7672 | D:7      | Found a deep blue altar of Sif Muna.
  7977 | D:8      | Noticed a two-headed ogre
  8080 | D:8      | Found a staircase to the Lair.
  8096 | D:8      | Reached *** piety under Qazlal
  8137 | D:8      | Found a sand-covered staircase.
  8141 | Ossuary  | Entered an ossuary
  8250 | Ossuary  | Reached **** piety under Qazlal
  8538 | D:8      | Found a roughly hewn altar of Beogh.
  8550 | D:8      | Reached XP level 10. HP: 62/77 MP: 15/15
  8644 | D:8      | Reached ***** piety under Qazlal
  8864 | D:8      | Noticed Pikel
  8873 | D:8      | Killed Pikel
  8880 | D:8      | Found a hazy altar of Hepliaklqana.
  9038 | D:8      | Noticed Erica
  9055 | D:8      | Killed Erica
  9109 | D:8      | Gained mutation: You have supernaturally acute eyesight. (SInv) [mutagenic meat]
  9132 | D:8      | Noticed Grum
  9145 | D:8      | Killed Grum
  9486 | D:9      | Noticed a two-headed ogre
  9496 | D:9      | Killed a two-headed ogre
  9821 | D:9      | Found an iron altar of Okawaru.
 10218 | D:10     | Entered Level 10 of the Dungeon
 10246 | D:10     | Gained mutation: You are mostly covered in icy blue scales. (AC +3) [demonic ancestry]
 10246 | D:10     | Reached XP level 11. HP: 86/86 MP: 17/17
 10261 | D:10     | Reached skill level 10 in Unarmed Combat
 10419 | D:10     | Found a shimmering altar of Xom.
 10800 | D:11     | Noticed a two-headed ogre
 10803 | D:11     | Noticed Psyche
 10812 | D:11     | Killed a two-headed ogre
 10813 | D:11     | Killed Psyche
 11341 | D:11     | Noticed a cyan ugly thing
 11351 | D:11     | Killed a cyan ugly thing
 11351 | D:11     | Reached skill level 10 in Invocations
 11603 | D:11     | Found a staircase to the Orcish Mines.
 11866 | Orc:1    | Entered Level 1 of the Orcish Mines
 11871 | Orc:1    | Noticed an orc sorcerer
 11882 | Orc:1    | Killed an orc sorcerer
 12220 | Orc:1    | Reached XP level 12. HP: 59/94 MP: 20/20
 12943 | Orc:2    | Entered Level 2 of the Orcish Mines
 13518 | Orc:2    | Found a staircase to the Elven Halls.
 13620 | Orc:2    | Noticed Maurice
 13632 | Orc:2    | Your ally died
 13858 | Orc:2    | Noticed an orc high priest
 13876 | Orc:2    | Killed an orc high priest
 14403 | Orc:2    | Noticed an orc high priest
 14427 | Orc:2    | Killed an orc high priest
 14578 | Orc:2    | Noticed an orc high priest
 14891 | Orc:2    | Killed an orc high priest
 15102 | Orc:2    | Paralysed by an orc sorcerer for 2 turns
 15175 | Orc:2    | Found Quno's Magic Scroll Shoppe.
 15175 | Orc:2    | Found Qunun's General Store.
 15177 | Orc:2    | Found Utery's Food Shoppe.
 15177 | Orc:2    | Found Qodox's Distillery.
 15188 | Orc:2    | Bought a scroll of teleportation for 45 gold pieces
 15188 | Orc:2    | Bought a scroll of blinking for 112 gold pieces
 15193 | Orc:2    | Bought a scroll of blinking for 120 gold pieces
 15193 | Orc:2    | Bought a scroll of immolation for 56 gold pieces
 15193 | Orc:2    | Bought a scroll of immolation for 56 gold pieces
 15193 | Orc:2    | Bought a scroll of torment for 120 gold pieces
 15193 | Orc:2    | Bought a scroll of fear for 56 gold pieces
 15198 | Orc:2    | Bought a potion of agility for 60 gold pieces
 15198 | Orc:2    | Identified a scroll of acquirement
 15202 | Orc:2    | Got a pair of distressingly furry gloves
 15208 | Orc:2    | Identified the +2 pair of gloves "Yhian" {Int+2} (You acquired it on level 2 of the Orcish Mines)
 15228 | Orc:2    | Bought 2 potions of curing for 72 gold pieces
 15228 | Orc:2    | Bought a potion of heal wounds for 60 gold pieces
 15228 | Orc:2    | Bought a potion of curing for 36 gold pieces
 15228 | Orc:2    | Bought a potion of resistance for 120 gold pieces
 15228 | Orc:2    | Bought a potion of haste for 120 gold pieces
 15228 | Orc:2    | Bought 2 potions of might for 96 gold pieces
 15451 | Lair:1   | Entered Level 1 of the Lair of Beasts
 15521 | Lair:1   | Reached skill level 10 in Fighting
 16590 | Lair:1   | Reached XP level 13. HP: 76/103 MP: 22/22
 18252 | Lair:3   | Reached skill level 10 in Dodging
 18447 | Lair:3   | Found a staircase to the Snake Pit.
 18546 | Lair:3   | Reached ****** piety under Qazlal
 19133 | Lair:4   | Found a staircase to the Swamp.
 19146 | Lair:4   | Noticed Harold
 19158 | Lair:4   | Killed Harold
 19563 | Lair:4   | Found a bloodstained altar of Trog.
 20326 | Lair:3   | Gained mutation: You are completely covered in icy blue scales. (AC +4, rC+) [demonic ancestry]
 20326 | Lair:3   | Reached XP level 14. HP: 91/113 MP: 24/24
 21771 | Lair:5   | Noticed Urug
 21790 | Lair:5   | Your ally died
 22417 | Lair:6   | Entered Level 6 of the Lair of Beasts
 22550 | Lair:6   | Noticed puissantveil's ghost (journeyman MfTm)
 22635 | Lair:6   | Noticed Nessos
 22717 | Lair:6   | Killed Nessos
 23509 | Lair:6   | Cast into level 2 of the Abyss (puissantveil's ghost)
 23509 | Abyss:2  | Found a corrupted altar of Lugonu.
 23663 | Abyss:2  | Found a corrupted altar of Lugonu.
 23706 | Abyss:2  | Noticed a daeva
 23741 | Abyss:2  | Found a corrupted altar of Lugonu.
 23937 | Abyss:2  | Reached skill level 15 in Unarmed Combat
 23955 | Abyss:2  | Noticed a Hell Sentinel
 23962 | Lair:6   | Escaped the Abyss
 24426 | Lair:6   | Killed puissantveil's ghost
 24711 | Lair:6   | Found a viscous altar of Jiyva.
 24712 | Lair:6   | Found a staircase to the Slime Pits.
 24957 | Lair:6   | Reached XP level 15. HP: 61/121 MP: 25/25
 26621 | D:12     | Reached skill level 15 in Invocations
 26627 | D:12     | Found a runed door.
 26692 | D:12     | Noticed a storm dragon
 26775 | D:12     | Killed a storm dragon
 26778 | D:12     | Identified the Catalogue of Orientation
 27130 | D:13     | Reached skill level 1 in Armour
 27381 | D:13     | Found Yxutus's Distillery.
 27384 | D:13     | Bought a potion of heal wounds for 75 gold pieces
 27384 | D:13     | Bought a potion of heal wounds for 75 gold pieces
 27384 | D:13     | Bought a potion of heal wounds for 75 gold pieces
 27384 | D:13     | Bought a potion of haste for 150 gold pieces
 27384 | D:13     | Bought a potion of curing for 45 gold pieces
 27384 | D:13     | Bought 2 potions of heal wounds for 150 gold pieces
 27384 | D:13     | Bought a potion of haste for 150 gold pieces
 27384 | D:13     | Bought a potion of agility for 60 gold pieces
 27384 | D:13     | Bought a potion of might for 60 gold pieces
 27384 | D:13     | Bought a potion of might for 60 gold pieces
 28763 | D:13     | Reached skill level 5 in Armour
 29419 | D:14     | Gained mutation: You have very sharp fingernails. [demonic ancestry]
 29419 | D:14     | Reached XP level 16. HP: 78/129 MP: 27/27
 29905 | D:14     | Found a gate to the Vaults.
 30000 | D:15     | Entered Level 15 of the Dungeon
 30114 | D:15     | Found a blossoming altar of Fedhas.
 30699 | D:15     | Reached skill level 10 in Armour
 30990 | D:15     | Found a staircase to the Depths.
 31693 | Depths:1 | Entered Level 1 of the Depths
 31699 | Depths:1 | Noticed a tengu reaver
 31715 | D:15     | Killed a tengu reaver
 32385 | Swamp:1  | Entered Level 1 of the Swamp
 32390 | Swamp:1  | Noticed Josephine
 32439 | Lair:4   | Killed Josephine
 33306 | Lair:3   | Paralysed by a hornet for 3 turns
 33309 | Lair:3   | Slain by a shambling mangrove

Vault maps used:
D:1:      minmay_arrival_four_loops
D:2:      cheibrodos_helix_gallery, nicolae_overflow_hidden_temple, first_bread,
          minivault_26, kennysheep_jessica_study, uniq_robin, uniq_jessica,
          uniq_iyjb
D:3:      fiery_altar_vehumet, uniq_crazy_yiuf_cottage
D:4:      minmay_temple_entry_statues_fountains
D:6:      minmay_mini_ossuary, uniq_eustachio
D:7:      led_sif_book, uniq_duvessa
D:8:      nicolae_overflow_crystal_walls, dpeg_oklobed_lair, special_room,
          nicolae_ossuary_entry_plus, hangedman_little_slice_of_home,
          uniq_erica, uniq_pikel, uniq_grum
D:9:      lemuel_coloured_pillars_altar
D:10:     xom_teletrap_fun
D:11:     orc_0_dummy, serial_glass, glass_columns_b, glass_columns_b,
          uniq_psyche
D:12:     kennysheep_treasure_room
D:13:     serial_bayou, serial_bayou_lake_a, serial_bayou_pond_b,
          serial_bayou_lagoon_a, serial_bayou_pond_c, serial_shops,
          nicolae_shop_behind_doors
D:14:     lightli_vaults_fourway_checkpoint, hangedman_decor_lopped,
          corexii_leaking_fountain
D:15:     hangedman_depths_entry_civil_slaughter, fedhas_altar_2
Lair:2:   cheibrodos_lair_reptile_den
Lair:3:   minmay_snake_entry_guardpost_small, lemuel_fruit_tree,
          serial_bayou_shore_b
Lair:4:   regret_index_combs_of_tragedy, swamp_mist_pool, basic_altar,
          forest_entry_grove, lemuel_fruit_fields, minmay_lair_oklob_chamber,
          uniq_harold
Lair:5:   special_room, uniq_urug
Lair:6:   evilmike_catoblepas_cave, dpeg_slime_entry_enclosed_altar,
          lookout_lair_type, grunt_megastairs_2, uniq_nessos
Swamp:1:  serial_swamp_ruin, evilmike_swamp_ruin_house_5,
          evilmike_swamp_ruin_house_4, hangedman_swamp_ruin_wall, swamp_pool4,
          uniq_josephine, uniq_donald
Orc:1:    nooodl_orcs_dogs
Orc:2:    grunt_orc_tribal_feast, uniq_maurice
Depths:1: hell_entry, grunt_decor_one_mirror, nicolae_trove_entry_free_sample,
          kennysheep_generic_room_6, grunt_megastairs_1,
          kennysheep_random_hallway
Abyss:2:  bh_silent_lugonu_exit
Ossuary:  ossuary_tomb_1

Skill      XL: |  1  2  3  4  5  6  7  8  9 10 11 12 13 14 15 16 |
---------------+-------------------------------------------------+-----
Dodging        | 2 3 4 5 6 7 8 9 10 11 | 11.9
Fighting       | 2 3 4 5 6 7 8 10 11 12 | 12.8
Unarmed Combat | 1 2 3 4 5 6 8 9 11 12 14 15 | 15.8
Invocations    | 1 2 4 6 7 9 10 12 13 14 15 | 15.1
Armour         | 7 11 | 11.8
Short Blades   | |  0.8
Stealth        | |  0.8
Evocations     | |  3.0

Action                   |  1- 3 |  4- 6 |  7- 9 | 10-12 | 13-15 | 16-18 || total
-------------------------+-------+-------+-------+-------+-------+-------++-------
Melee: Dagger            |   159 |       |       |       |       |       ||   159
       Short sword       |    14 |       |       |       |       |       ||    14
       Unarmed           |       |   206 |   445 |   644 |  1227 |   290 ||  2812
       Punch             |       |       |     9 |    15 |    50 |    23 ||    97
       Scimitar          |       |       |       |       |    14 |    17 ||    31
Invok: Disaster Area     |       |       |       |     3 |     6 |     3 ||    12
       Elemental Force   |       |       |       |       |     1 |     1 ||     2
Evoke: Wand              |     1 |     3 |    16 |    24 |    50 |     4 ||    98
  Use: Scroll            |     2 |     4 |     9 |    12 |    12 |     3 ||    42
       Potion            |       |     3 |     1 |     4 |    17 |     1 ||    26
 Stab: Paralysed         |       |    10 |    19 |       |     5 |       ||    34
       Confused          |       |       |       |     5 |       |       ||     5
  Eat: Chunk             |     2 |     9 |    13 |    22 |    23 |     9 ||    78
       Meat ration       |       |       |       |     2 |     1 |       ||     3
       Bread ration      |       |       |       |       |     3 |       ||     3
       Royal jelly       |       |       |       |       |       |     2 ||     2
Armor: Chain mail        |   134 |    91 |   173 |     6 |       |       ||   404
       Leather armour    |     1 |       |       |       |       |       ||     1
       Skin              |       |    22 |       |       |       |       ||    22
       Plate armour      |       |       |       |   307 |   464 |       ||   771
       Fire dragon scale |       |       |       |       |   132 |   176 ||   308
Dodge: Dodged            |    68 |    53 |   128 |   135 |   439 |   178 ||  1001
       Deflected         |       |       |       |    15 |    27 |    15 ||    57
Block: Other             |       |       |    46 |   216 |   420 |   110 ||   792
       Rpst.: Scimitar   |       |       |       |       |     2 |     5 ||     7
